 Dungeon Crawl Stone Soup version 0.21.1-1-g345015f (webtiles) character file.

52 inc the Conjurer (level 3, 14/14 HPs)
             Began as a Felid Wizard on Feb 22, 2018.
             Quit the game on level 4 of the Dungeon.
             The game lasted 00:05:34 (2077 turns).

inc the Conjurer (Felid Wizard)                     Turns: 2077, Time: 00:05:34

Health: 14/14      AC:  1    Str:  3    XL:     3   Next: 60%
Magic:  8/8        EV: 17    Int: 20    God:
Gold:   61         SH:  0    Dex: 14    Spells: 2/8 levels left
                                        Lives:  0   Deaths: 1

rFire    . . .     SeeInvis +   (weapon unavailable)
rCold    . . .     Gourm    .   (shield unavailable)
rNeg     . . .     Faith    .   (armour unavailable)
rPois    .         Spirit   .   (helmet unavailable)
rElec    .         Reflect  .   (cloak unavailable)
rCorr    .         Harm     .   (gloves unavailable)
MR       .....                  (boots unavailable)
Stlth    +++.......             (no amulet)
HPRegen  0.04/turn              (no ring)
MPRegen  0.11/turn              (no ring)

@: quick
A: very small, no armour, no weapons or thrown items, stealth, claws 1, fangs 3,
see invisible, carnivore, speed 1, shaggy fur 1, slow metabolism 1, sharp paws
a: no special abilities


You were on level 4 of the Dungeon.
You were not hungry.

You visited 1 branch of the dungeon, and saw 4 of its levels.

You collected 61 gold pieces.

Inventory:

Wands
 g - a wand of disintegration (10)
Scrolls
 c - a scroll of remove curse {unknown}
 d - a scroll of enchant weapon {unknown}
 f - a scroll of blinking {unknown}
Potions
 e - a potion of haste {unknown}
 h - a potion of resistance {unknown}
Books
 a - a book of Minor Magic

   Spells                             Type                      Level
   a - Magic Dart                     Conjuration                  1
   b - Blink                          Translocation                2
   c - Call Imp                       Summoning                    2
   d - Slow                           Hexes                        2
   e - Conjure Flame                  Conjuration/Fire             3
   f - Mephitic Cloud                 Conjuration/Poison/Air       3
Comestibles
 b - 4 rations


   Skills:
 - Level 2.6 Dodging
 - Level 2.6 Stealth
 - Level 3.0 Spellcasting
 + Level 4.1 Conjurations
 - Level 1.0 Summonings
   Level 1.5 Translocations


You had 2 spell levels left.
You knew the following spells:

 Your Spells              Type           Power        Failure   Level  Hunger
a - Magic Dart            Conj           ###.         2%          1    None
b - Call Imp              Summ           #.......     14%         2    ##.....
c - Mephitic Cloud        Conj/Pois/Air  #.......     24%         3    ###....


Dungeon Overview and Level Annotations

Branches:
Dungeon (4/15)
 Temple: D:4-7

Altars:
Sif Muna
Xom

Annotations:
D:2 Sigmund


Innate Abilities, Weirdness & Mutations

You cannot wear armour.
You are incapable of wielding weapons or throwing items.
Your paws allow you to move quietly. (Stealth)
You have sharp claws.
You have razor-sharp teeth.
You have supernaturally acute eyesight. (SInv)
You are carnivorous and can eat meat at any time.
You cover ground quickly.
You are covered in fur. (AC +1)
You have a slow metabolism.
Your sharp claws are effective at attacking unaware monsters.


Message History

Aiming: Magic Dart
Press: ? - help, Shift-Dir - straight line, f/p - worm
Aim: a worm The magic dart hits the worm.
Casting: Magic Dart
Confirm with . or Enter, or press ? or * to list all spells.
Aiming: Magic Dart
Press: ? - help, Shift-Dir - straight line, f/p - worm
Aim: a worm The magic dart hits the worm.
You see here a club.
Found 8 gold pieces.
A worker ant comes into view.
The ogre hits you with a giant club!!
Ouch! That really hurt!
You die...
You are now level 3!
You rejoin the land of the living...
Found 6 gold pieces and a hunting sling.
Are you sure you want to abandon this character and quit the game? (Confirm with "yes".)

#.# #..
###
##########
#........)
#.........
#.@....$..
#.........
#.........
#.........
#.........
#.........
#.........
##########


There were no monsters in sight!

Vanquished Creatures
  Natasha (twice) (D:3)
  3 adders
  3 leopard geckos (D:1)
  An orc (D:3)
  6 bats
  2 giant cockroaches (D:1)
  3 goblins
  4 hobgoblins
  3 kobolds
  2 frilled lizards
  5 rats
34 creatures vanquished.

Notes
Turn   | Place    | Note
-------+----------+-------------------------------------------
     0 | D:1      | inc the Felid Wizard began the quest for the Orb.
     0 | D:1      | Reached XP level 1. HP: 7/7 MP: 5/5
    14 | D:1      | Reached skill level 1 in Conjurations
   201 | D:2      | Reached XP level 2. HP: 11/11 MP: 0/7
   210 | D:2      | Noticed a crimson imp
   506 | D:1      | Reached skill level 2 in Conjurations
   728 | D:2      | Noticed Sigmund
  1256 | D:2      | Reached XP level 3. HP: 12/14 MP: 3/8
  1497 | D:2      | Reached skill level 3 in Conjurations
  1553 | D:3      | Noticed Natasha
  1573 | D:4      | Learned a level 2 spell: Call Imp
  1577 | D:4      | Learned a level 3 spell: Mephitic Cloud
  1581 | D:4      | Noticed an ogre
  1614 | D:3      | Killed Natasha
  1614 | D:3      | Reached XP level 4. HP: 13/18 MP: 0/9
  1686 | D:3      | Found a deep blue altar of Sif Muna.
  1884 | D:3      | Noticed Natasha
  1890 | D:3      | Killed Natasha
  1890 | D:3      | Reached skill level 4 in Conjurations
  1966 | D:3      | Found a shattered altar of Ashenzari.
  1968 | D:3      | Found a shimmering altar of Xom.
  1968 | D:3      | Found a blossoming altar of Fedhas.
  1971 | D:3      | Found a shimmering altar of Xom.
  1971 | D:3      | Found an opulent altar of Gozag.
  1971 | D:3      | Found a hazy altar of Hepliaklqana.
  2076 | D:4      | Slain by an ogre
  2077 | D:4      | Reached XP level 3. HP: 0/14 MP: 6/8
  2077 | D:4      | Quit the game

Skill      XL: |  1  2  3  4 |
---------------+-------------+-----
Conjurations   | 1 2 3 4 |  4.1
Dodging        | |  2.6
Stealth        | |  2.6
Spellcasting   | |  3.0
Summonings     | |  1.0
Translocations | |  1.5

Action                   |  1- 3 |  4- 6 || total
-------------------------+-------+-------++-------
Melee: Unarmed           |    10 |     1 ||    11
 Cast: Magic Dart        |    89 |    22 ||   111
  Eat: Chunk             |     3 |     2 ||     5
Armor: Skin              |     8 |     1 ||     9
Dodge: Dodged            |    47 |     3 ||    50
